Avalanche vs Senateurs
Created - January 24, 2022 at 20:12
Goals
|
| Avalanche |
1 |
1 |
2 |
0 |
4 |
| Senateurs |
1 |
2 |
1 |
1 |
5 |
|
Shots
|
| Avalanche |
11 |
7 |
12 |
1 |
31 |
| Senateurs |
7 |
9 |
21 |
2 |
39 |
|
1st period
1. Senateurs , Michael Raffl 2 (Jean-Gabriel Pageau 3, Mike Green 7) at 14:04 (SH)
2. Avalanche , Bryan Little 8 (Mikkel Boedker 13, Jack Johnson 11) at 17:09 (PP)
Penalties :
Michael Matheson (Ott) for Hooking (Minor) at 12:50, Peter Mueller (Ott) for Hooking (Minor) at 15:33, Mike Green (Ott) for Hooking (Minor) at 16:52
2nd period
3. Senateurs , Sergei Kostitsyn 2 (Rickard Rakell 8, Ryan Getzlaf 6) at 8:24
4. Avalanche , Vincent Trocheck 3 (Tomas Fleischmann 2) at 11:44
5. Senateurs , Peter Mueller 2 (Bobby Ryan 8, Brian Elliott) at 14:42
Penalties :
Bobby Ryan (Ott) for Cross-checking (Minor) at 1:32, Tomas Fleischmann (Col) for Holding (Minor) at 4:21, Sidney Crosby (Ott) for Roughing (Minor) at 14:53, James Van Riemsdyk (Col) for Interference (Minor) at 19:34
3rd period
6. Avalanche , James Van Riemsdyk 3 (Charlie Coyle 11, Evgeny Dadonov 4) at 3:44
7. Avalanche , Bryan Little 9 (Mikkel Boedker 14, Patric Hornqvist 12) at 15:05 (PP)
8. Senateurs , Rickard Rakell 5 (Sergei Kostitsyn 5, Cody Franson 3) at 16:09
Penalties :
Jack Johnson (Col) for Roughing (Minor) at 6:54, Loui Eriksson (Ott) for High sticking (Minor) at 14:20
Overtime #1
9. Senateurs , Rostislav Olesz 10 (Jean-Gabriel Pageau 4, Taylor Chorney 6) at 3:59
Penalties :
No Penalty
Goalie Stats
Cam Ward (Col), 34 saves from 39 shots - (0.872), OTL, 5-6-2, 63:59 minutes
Brian Elliott (Ott), 27 saves from 31 shots - (0.871), W, 7-5-1, 63:59 minutes
Players Stats for Avalanche
Player Name G A P +/- PIM S H SB GA TA FO MP PP MP PK MP
------------------------------------------------------------------------------------
Bryan Little 2 0 2 -3 0 7 0 0 0 0 8/26 22:00 6:04 0:00
Charlie Coyle 0 1 1 0 0 0 4 0 0 0 12/23 19:46 3:52 3:50
Colten Teubert 0 0 0 -2 0 0 3 0 0 0 0/0 15:42 3:37 0:14
Erik Karlsson 0 0 0 -1 0 1 1 1 1 2 0/0 23:59 6:23 0:22
Evgeny Dadonov 0 1 1 1 0 3 1 0 0 0 0/0 11:36 0:04 0:00
Jack Johnson 0 1 1 0 2 4 4 1 0 1 0/0 27:56 6:23 2:11
James Van Riemsdyk 1 0 1 1 2 4 7 0 1 0 0/0 16:18 3:52 0:31
Joel Edmundson 0 0 0 -1 0 1 1 0 0 0 0/0 12:57 0:00 1:39
Kyle Turris 0 0 0 0 0 0 1 0 0 0 0/2 8:32 0:00 1:20
Luke Witkowski 0 0 0 0 0 0 1 0 0 0 0/2 12:26 0:04 3:50
Marc Staal 0 0 0 0 0 1 2 1 0 1 0/0 23:04 0:00 4:04
Martin Samuelsson 0 0 0 0 0 0 1 0 0 0 0/0 8:48 0:00 1:36
Mattias Ekholm 0 0 0 -2 0 1 0 2 0 0 0/0 24:28 3:37 3:24
Mikkel Boedker 0 2 2 -2 0 2 2 0 0 0 2/6 22:58 6:08 0:00
Patric Hornqvist 0 1 1 -2 0 1 3 0 0 0 0/0 22:47 6:04 0:00
Pavel Buchnevich 0 0 0 -1 0 2 0 1 0 0 0/0 14:01 3:52 0:00
Tomas Fleischmann 0 1 1 -1 2 0 1 0 0 0 0/0 10:52 0:00 0:00
Vincent Trocheck 1 0 1 -1 0 4 0 1 1 1 5/9 11:46 0:00 0:47
Players Stats for Senateurs
Player Name G A P +/- PIM S H SB GA TA FO MP PP MP PK MP
------------------------------------------------------------------------------------
Bobby Ryan 0 1 1 0 2 1 3 0 0 0 0/0 8:29 2:00 0:00
Cody Franson 0 1 1 0 0 3 0 2 0 0 0/0 26:52 2:01 3:39
Eric Gelinas 0 0 0 0 0 1 1 0 1 0 0/0 29:45 3:56 3:39
Jean-Gabriel Pageau 0 2 2 1 0 4 3 0 1 1 9/15 18:21 1:51 3:47
Loui Eriksson 0 0 0 -1 2 0 0 1 0 0 1/1 11:55 0:00 0:00
Matt Martin 0 0 0 -1 0 4 4 1 1 0 3/3 21:33 3:48 5:31
Michael Matheson 0 0 0 3 2 0 0 0 0 0 0/0 8:54 0:00 0:00
Michael Raffl 1 0 1 1 0 1 0 0 0 0 0/0 7:47 0:09 1:41
Mike Green 0 1 1 0 2 0 1 6 0 1 0/0 26:38 3:56 4:54
Nate Prosser 0 0 0 3 0 1 2 0 0 0 0/0 10:55 0:00 1:26
Peter Mueller 1 0 1 0 2 1 1 0 0 0 3/3 7:05 0:18 0:51
Reilly Smith 0 0 0 0 0 4 0 0 0 1 1/1 19:24 3:57 0:00
Rickard Rakell 1 1 2 2 0 2 0 0 0 0 1/1 12:36 0:00 0:00
Rostislav Olesz 1 0 1 1 0 4 0 1 0 0 0/0 19:52 2:00 2:31
Ryan Getzlaf 0 1 1 2 0 3 0 0 0 0 1/4 12:45 0:00 0:09
Sergei Kostitsyn 1 1 2 2 0 2 1 1 0 0 0/0 12:36 0:00 0:00
Sidney Crosby 0 0 0 0 2 4 1 1 2 0 22/40 24:49 3:48 5:13
Taylor Chorney 0 1 1 0 0 4 2 0 0 0 0/0 25:17 2:01 6:21
3 Stars
1 - Sergei Kostitsyn (Ott)
2 - Rickard Rakell (Ott)
3 - Jean-Gabriel Pageau (Ott)
Power Play
Avalanche - 2 on 6 Attempt(s) - 33.33%
Senateurs - 0 on 3 Attempt(s) - 0.00%
Penalty Kill
Avalanche - 3 on 3 Attempt(s) - 100.00%
- Score 0 goal in Penalty Kill
Senateurs - 4 on 6 Attempt(s) - 66.67%
- Score 1 goal in Penalty Kill
Team Stat
Avalanche - Hits : 32 - Faceoff Wins : 27 - Blocked Shots : 7 - Penalty Minutes : 6
Senateurs - Hits : 19 - Faceoff Wins : 41 - Blocked Shots : 13 - Penalty Minutes : 12
Official
Referees : Kevin Pollock and Brad Meier
Linesman : Bryan Pancich and Bevan Mills
Game Notes
No Game Note
Finance
Level 1 -- Attendance: 6000 (100.00%) -- Ticket Income $600,000
Level 2 -- Attendance: 5000 (100.00%) -- Ticket Income $300,000
Level 3 -- Attendance: 2000 (100.00%) -- Ticket Income $70,000
Level 4 -- Attendance: 3969 (99.23%) -- Ticket Income $99,225
Luxury Box -- Attendance: 1000 (100.00%) -- Ticket Income $200,000
Game was played at the Centre Canadian Tire.
Total Attendance: 17969 (99.83%)
Total Ticket Income: $1,269,225
Other Income: $190,384
Total Income: $1,459,609
Avalanche
5 vs 5 Forward
Center Left Wing Right Wing Time % Phy DF OF
1 Bryan Little Mikkel Boedker Patric Hornqvist 35 1 2 2
2 Charlie Coyle James Van Riemsdyk Evgeny Dadonov 30 1 2 2
3 Vincent Trocheck Tomas Fleischmann Pavel Buchnevich 25 1 2 2
4 Kyle Turris Martin Samuelsson Luke Witkowski 10 1 2 2
5 vs 5 Defense
Defense Defense Time % Phy DF OF
1 Jack Johnson Marc Staal 40 1 2 2
2 Erik Karlsson Mattias Ekholm 35 1 2 2
3 Colten Teubert Joel Edmundson 25 1 2 2
4 Jack Johnson Marc Staal 0 1 2 2
PowerPlay Forward
Center Left Wing Right Wing Time % Phy DF OF
1 Bryan Little Mikkel Boedker Patric Hornqvist 60 1 2 2
2 Charlie Coyle James Van Riemsdyk Pavel Buchnevich 40 1 2 2
PowerPlay Defense
Defense Defense Time % Phy DF OF
1 Jack Johnson Erik Karlsson 60 1 2 2
2 Colten Teubert Mattias Ekholm 40 1 2 2
Penalty Kill 4 Players Forward
Center Wing Time % Phy DF OF
1 Charlie Coyle Luke Witkowski 60 1 2 2
2 Kyle Turris Martin Samuelsson 40 1 2 2
Penalty Kill 4 Players Defense
Defense Defense Time % Phy DF OF
1 Jack Johnson Marc Staal 60 1 2 2
2 Joel Edmundson Mattias Ekholm 40 1 2 2
Penalty Kill - 3 Players Forward
Forward Time % Phy DF OF
1 Mikkel Boedker 60 1 2 2
2 Patric Hornqvist 40 1 2 2
Penalty Kill - 3 Players Defense
Defense Defense Time % Phy DF OF
1 Jack Johnson Marc Staal 60 1 2 2
2 Erik Karlsson Mattias Ekholm 40 1 2 2
4 vs 4 Forward
Center Wing Time % Phy DF OF
1 Mikkel Boedker Patric Hornqvist 60 1 2 2
2 Bryan Little Charlie Coyle 40 1 2 2
4 vs 4 Defense
Defense Defense Time % Phy DF OF
1 Jack Johnson Marc Staal 60 1 2 2
2 Erik Karlsson Mattias Ekholm 40 1 2 2
Last Minutes Offensive
Center Left Wing Right Wing Defense Defense
Bryan Little Mikkel Boedker Patric Hornqvist Jack Johnson Erik Karlsson
Last Minutes Defensive
Center Left Wing Right Wing Defense Defense
Charlie Coyle Martin Samuelsson Luke Witkowski Jack Johnson Marc Staal
Goaltenders
Starting : Cam Ward
Backup : Semyon Varlamov
Extra Forwards
Normal : Luke Witkowski, James Van Riemsdyk, Vincent Trocheck - PP : Luke Witkowski, James Van Riemsdyk - PK : Vincent Trocheck
Extra Defensemen
Normal : Colten Teubert, Mattias Ekholm, Erik Karlsson - PP : Colten Teubert - PK : Mattias Ekholm, Erik Karlsson
Penalty Shots
Mikkel Boedker, Patric Hornqvist, Bryan Little, Charlie Coyle, Evgeny Dadonov
Scratches
None
Senateurs
5 vs 5 Forward
Center Left Wing Right Wing Time % Phy DF OF
1 Sidney Crosby Rostislav Olesz Reilly Smith 40 0 2 3
2 Jean-Gabriel Pageau Matt Martin Loui Eriksson 30 0 2 3
3 Ryan Getzlaf Sergei Kostitsyn Rickard Rakell 20 0 2 3
4 Peter Mueller Michael Raffl Bobby Ryan 10 0 3 2
5 vs 5 Defense
Defense Defense Time % Phy DF OF
1 Eric Gelinas Cody Franson 40 0 2 3
2 Mike Green Taylor Chorney 30 0 2 3
3 Nate Prosser Michael Matheson 20 0 3 2
4 Eric Gelinas Mike Green 10 1 3 1
PowerPlay Forward
Center Left Wing Right Wing Time % Phy DF OF
1 Sidney Crosby Matt Martin Reilly Smith 60 0 1 4
2 Jean-Gabriel Pageau Rostislav Olesz Bobby Ryan 40 0 1 4
PowerPlay Defense
Defense Defense Time % Phy DF OF
1 Eric Gelinas Mike Green 60 0 1 4
2 Cody Franson Taylor Chorney 40 0 1 4
Penalty Kill 4 Players Forward
Center Wing Time % Phy DF OF
1 Sidney Crosby Matt Martin 60 1 4 0
2 Jean-Gabriel Pageau Rostislav Olesz 40 1 4 0
Penalty Kill 4 Players Defense
Defense Defense Time % Phy DF OF
1 Taylor Chorney Mike Green 60 1 4 0
2 Cody Franson Eric Gelinas 40 1 4 0
Penalty Kill - 3 Players Forward
Forward Time % Phy DF OF
1 Sidney Crosby 60 1 4 0
2 Jean-Gabriel Pageau 40 1 4 0
Penalty Kill - 3 Players Defense
Defense Defense Time % Phy DF OF
1 Taylor Chorney Mike Green 60 1 4 0
2 Cody Franson Eric Gelinas 40 1 4 0
4 vs 4 Forward
Center Wing Time % Phy DF OF
1 Sidney Crosby Reilly Smith 60 0 2 3
2 Jean-Gabriel Pageau Rostislav Olesz 40 0 2 3
4 vs 4 Defense
Defense Defense Time % Phy DF OF
1 Eric Gelinas Mike Green 60 0 2 3
2 Cody Franson Taylor Chorney 40 0 2 3
Last Minutes Offensive
Center Left Wing Right Wing Defense Defense
Sidney Crosby Rostislav Olesz Reilly Smith Eric Gelinas Mike Green
Last Minutes Defensive
Center Left Wing Right Wing Defense Defense
Jean-Gabriel Pageau Matt Martin Bobby Ryan Taylor Chorney Mike Green
Goaltenders
Starting : Brian Elliott
Backup : Viktor Fasth
Extra Forwards
Normal : Reilly Smith, Loui Eriksson, Rostislav Olesz - PP : Reilly Smith, Jean-Gabriel Pageau - PK : Matt Martin
Extra Defensemen
Normal : Taylor Chorney, Nate Prosser, Michael Matheson - PP : Taylor Chorney - PK : Taylor Chorney, Nate Prosser
Penalty Shots
Sidney Crosby, Matt Martin, Jean-Gabriel Pageau, Bobby Ryan, Reilly Smith
Scratches
Anthony Bitetto (Healthy), Brandon Burlon (Healthy), T.J. Fast (Healthy)
% Time on Ice - Avalanche
Lines # - Real PCT - Wanted PCT - Time Play
Normal Forward
1 - 35% - 35% - 15:14
2 - 25% - 30% - 10:52
3 - 25% - 25% - 10:49
4 - 16% - 10% - 7:08
Normal Defense
1 - 40% - 40% - 17:39
2 - 34% - 35% - 15:07
3 - 26% - 25% - 11:17
4 - 0% - 0% - 0:00
PP Forward
1 - 61% - 60% - 6:08
2 - 39% - 40% - 3:52
PP Defense
1 - 64% - 60% - 6:23
2 - 36% - 40% - 3:37
PK Forward
1 - 78% - 60% - 4:37
2 - 22% - 40% - 1:20
PK Defense
1 - 72% - 60% - 4:18
2 - 28% - 40% - 1:39
PK3 Forward
1 - 0% - 60%
2 - 0% - 40%
PK3 Defense
1 - 0% - 60%
2 - 0% - 40%
44 Forward
1 - 72% - 60% - 2:53
2 - 28% - 40% - 1:06
44 Defense
1 - 52% - 60% - 2:04
2 - 48% - 40% - 1:55
Last Minute Offensive - 0:00
Last Minute Defensive - 0:00
Total
Forward - 63:59
Defense - 63:59
|
% Time on Ice - Senateurs
Lines # - Real PCT - Wanted PCT - Time Play
Normal Forward
1 - 32% - 40% - 13:58
2 - 26% - 30% - 11:35
3 - 29% - 20% - 12:36
4 - 13% - 10% - 5:54
Normal Defense
1 - 43% - 40% - 19:09
2 - 34% - 30% - 15:04
3 - 20% - 20% - 8:45
4 - 2% - 10% - 1:05
PP Forward
1 - 66% - 60% - 3:57
2 - 34% - 40% - 2:00
PP Defense
1 - 66% - 60% - 3:56
2 - 34% - 40% - 2:01
PK Forward
1 - 76% - 60% - 7:21
2 - 24% - 40% - 2:22
PK Defense
1 - 62% - 60% - 6:04
2 - 38% - 40% - 3:39
PK3 Forward
1 - 100% - 60% - 0:17
2 - 0% - 40% - 0:00
PK3 Defense
1 - 100% - 60% - 0:17
2 - 0% - 40% - 0:00
44 Forward
1 - 79% - 60% - 3:08
2 - 21% - 40% - 0:51
44 Defense
1 - 54% - 60% - 2:09
2 - 46% - 40% - 1:50
Last Minute Offensive - 0:00
Last Minute Defensive - 0:00
Total
Forward - 63:59
Defense - 63:59
|
Play-by-Play
1st period
0:01 of 1st period - Bryan Little wins face-off versus Sidney Crosby in neutral zone.
0:14 of 1st period - Wrist shot by Sidney Crosby.
0:14 of 1st period - Shot Misses the Net.
0:16 of 1st period - Wrist shot by Rostislav Olesz.
0:16 of 1st period - Stopped by Cam Ward without a rebound.
0:17 of 1st period - Jean-Gabriel Pageau wins face-off versus Charlie Coyle in Avalanche zone.
0:34 of 1st period - Snap shot by Evgeny Dadonov.
0:34 of 1st period - Shot Misses the Net.
1:23 of 1st period - Icing by Rostislav Olesz.
1:24 of 1st period - Peter Mueller wins face-off versus Bryan Little in Senateurs zone.
2:25 of 1st period - Wrist shot by Jean-Gabriel Pageau.
2:25 of 1st period - Stopped by Cam Ward with a rebound.
2:39 of 1st period - Snap shot by Tomas Fleischmann.
2:39 of 1st period - Deflect By Vincent Trocheck.
2:39 of 1st period - Stopped by Brian Elliott without a rebound.
2:40 of 1st period - Vincent Trocheck wins face-off versus Sidney Crosby in Senateurs zone.
3:01 of 1st period - Wrist shot by Sidney Crosby.
3:01 of 1st period - Shot Misses the Net.
3:07 of 1st period - Snap shot by Sidney Crosby.
3:07 of 1st period - Shot Misses the Net.
3:09 of 1st period - Backhand shot by Reilly Smith.
3:09 of 1st period - Shot Misses the Net.
3:11 of 1st period - Slapshot by Mike Green.
3:11 of 1st period - Shot Blocked by Pavel Buchnevich.
3:13 of 1st period - Slapshot by Reilly Smith.
3:13 of 1st period - Shot Misses the Net.
3:21 of 1st period - Wrist shot by Rostislav Olesz.
3:21 of 1st period - Shot Misses the Net.
3:23 of 1st period - Slapshot by Rostislav Olesz.
3:23 of 1st period - Shot Misses the Net.
3:25 of 1st period - Wrist shot by Rostislav Olesz.
3:25 of 1st period - Shot Misses the Net.
3:48 of 1st period - Slapshot by Erik Karlsson.
3:48 of 1st period - Shot Blocked by Mike Green.
3:54 of 1st period - Snap shot by Rostislav Olesz.
3:54 of 1st period - Stopped by Cam Ward with a rebound.
3:56 of 1st period - Slapshot by Mike Green.
3:56 of 1st period - Shot Misses the Net.
4:40 of 1st period - Snap shot by Rostislav Olesz.
4:40 of 1st period - Shot Misses the Net.
4:42 of 1st period - Slapshot by Taylor Chorney.
4:42 of 1st period - Shot Blocked by Vincent Trocheck.
4:44 of 1st period - Wrist shot by Sidney Crosby.
4:44 of 1st period - Stopped by Cam Ward with a rebound.
4:48 of 1st period - Slapshot by Sidney Crosby.
4:48 of 1st period - Shot Blocked by Erik Karlsson.
4:50 of 1st period - Slapshot by Taylor Chorney.
4:50 of 1st period - Deflect By Erik Karlsson.
4:50 of 1st period - Stopped by Cam Ward with a rebound.
4:52 of 1st period - Slapshot by Taylor Chorney.
4:52 of 1st period - Stopped by Cam Ward without a rebound.
4:53 of 1st period - Ryan Getzlaf wins face-off versus Bryan Little in Avalanche zone.
6:19 of 1st period - Marc Staal is hit by Matt Martin and loses puck.
6:47 of 1st period - Sergei Kostitsyn is hit by Mikkel Boedker and loses puck.
7:25 of 1st period - Cody Franson is hit by Kyle Turris and loses puck.
7:53 of 1st period - Cody Franson is hit by Evgeny Dadonov and loses puck.
9:07 of 1st period - Martin Samuelsson is hit by Jean-Gabriel Pageau and loses puck.
10:54 of 1st period - Jack Johnson is hit by Nate Prosser and loses puck.
11:07 of 1st period - Eric Gelinas is hit by James Van Riemsdyk.
11:22 of 1st period - Peter Mueller is hit by Martin Samuelsson and loses puck.
11:37 of 1st period - Mattias Ekholm is hit by Taylor Chorney and loses puck.
11:54 of 1st period - Rostislav Olesz is hit by James Van Riemsdyk and loses puck.
12:16 of 1st period - Patric Hornqvist is hit by Jean-Gabriel Pageau and loses puck.
12:28 of 1st period - Erik Karlsson is hit by Matt Martin and loses puck.
12:41 of 1st period - Slapshot by Erik Karlsson.
12:41 of 1st period - Stopped by Brian Elliott with a rebound.
12:43 of 1st period - Slapshot by Erik Karlsson.
12:43 of 1st period - Shot Blocked by Sergei Kostitsyn.
12:50 of 1st period - Minor Penalty to Michael Matheson for Hooking.
12:51 of 1st period - Sidney Crosby wins face-off versus Bryan Little in Senateurs zone.
12:51 of 1st period - Sidney Crosby is hit by Jack Johnson.
13:25 of 1st period - Eric Gelinas is hit by James Van Riemsdyk and loses puck.
13:52 of 1st period - Icing by Mikkel Boedker.
13:53 of 1st period - Jean-Gabriel Pageau wins face-off versus Bryan Little in Avalanche zone.
14:00 of 1st period - Snap shot by Michael Raffl.
14:00 of 1st period - Shot Misses the Net.
14:02 of 1st period - Wrist shot by Michael Raffl.
14:02 of 1st period - Shot Misses the Net.
14:04 of 1st period - Snap shot by Michael Raffl.
14:04 of 1st period - Goal by Michael Raffl - Avalanche : 0 - Senateurs : 1.
14:05 of 1st period - Matt Martin wins face-off versus Bryan Little in neutral zone.
14:22 of 1st period - Taylor Chorney is hit by Jack Johnson.
14:50 of 1st period - Penalty to Michael Matheson is over, Michael Matheson is back on ice.
15:26 of 1st period - Slapshot by Marc Staal.
15:26 of 1st period - Shot Misses the Net.
15:33 of 1st period - Minor Penalty to Peter Mueller for Hooking.
15:34 of 1st period - Bryan Little wins face-off versus Sidney Crosby in Senateurs zone.
16:41 of 1st period - Off-side.
16:42 of 1st period - Charlie Coyle wins face-off versus Jean-Gabriel Pageau in neutral zone.
16:45 of 1st period - Snap shot by Jack Johnson.
16:45 of 1st period - Deflect By James Van Riemsdyk.
16:45 of 1st period - Shot Misses the Net.
16:45 of 1st period - Puck is out of play.
16:46 of 1st period - Charlie Coyle wins face-off versus Jean-Gabriel Pageau in Senateurs zone.
16:47 of 1st period - Snap shot by James Van Riemsdyk.
16:47 of 1st period - Stopped by Brian Elliott without a rebound.
16:48 of 1st period - Charlie Coyle wins face-off versus Jean-Gabriel Pageau in Senateurs zone.
16:49 of 1st period - Slapshot by Pavel Buchnevich.
16:49 of 1st period - Stopped by Brian Elliott without a rebound.
16:50 of 1st period - Sidney Crosby wins face-off versus Charlie Coyle in Senateurs zone.
16:52 of 1st period - Minor Penalty to Mike Green for Hooking.
16:53 of 1st period - Sidney Crosby wins face-off versus Bryan Little in Senateurs zone.
17:09 of 1st period - Wrist shot by Bryan Little.
17:09 of 1st period - Goal by Bryan Little - Avalanche : 1 - Senateurs : 1.
17:10 of 1st period - Sidney Crosby wins face-off versus Bryan Little in neutral zone.
17:21 of 1st period - Slapshot by Bryan Little.
17:21 of 1st period - Stopped by Brian Elliott with a rebound.
17:23 of 1st period - Slapshot by Mikkel Boedker.
17:23 of 1st period - Stopped by Brian Elliott without a rebound.
17:24 of 1st period - Bryan Little wins face-off versus Sidney Crosby in Senateurs zone.
17:51 of 1st period - Taylor Chorney is hit by Charlie Coyle and loses puck.
17:58 of 1st period - Slapshot by Jack Johnson.
17:58 of 1st period - Stopped by Brian Elliott without a rebound.
17:59 of 1st period - Bryan Little wins face-off versus Sidney Crosby in Senateurs zone.
18:00 of 1st period - Wrist shot by Mikkel Boedker.
18:00 of 1st period - Stopped by Brian Elliott without a rebound.
18:01 of 1st period - Sidney Crosby wins face-off versus Mikkel Boedker in Senateurs zone.
18:52 of 1st period - Penalty to Mike Green is over, Mike Green is back on ice.
19:09 of 1st period - Matt Martin is hit by Jack Johnson.
19:20 of 1st period - Off-side.
19:21 of 1st period - Rickard Rakell wins face-off versus Kyle Turris in neutral zone.
19:36 of 1st period - Eric Gelinas is hit by Joel Edmundson and loses puck.
19:55 of 1st period - Snap shot by Jack Johnson.
19:55 of 1st period - Stopped by Brian Elliott with a rebound.
19:57 of 1st period - Slapshot by Jack Johnson.
19:57 of 1st period - Stopped by Brian Elliott with a rebound.
19:59 of 1st period - Wrist shot by Kyle Turris.
19:59 of 1st period - Deflect By Eric Gelinas.
19:59 of 1st period - Shot Misses the Net.
19:59 of 1st period - Puck is out of play.
Goals for this period are 1 for Avalanche vs 1 for Senateurs.
Shots for this period are 11 for Avalanche vs 7 for Senateurs.
2nd period
0:01 of 2nd period - Sidney Crosby wins face-off versus Bryan Little in neutral zone.
0:41 of 2nd period - Snap shot by James Van Riemsdyk.
0:41 of 2nd period - Shot Blocked by Matt Martin.
0:43 of 2nd period - Slapshot by James Van Riemsdyk.
0:43 of 2nd period - Shot Misses the Net.
1:15 of 2nd period - Wrist shot by Bobby Ryan.
1:15 of 2nd period - Shot Misses the Net.
1:17 of 2nd period - Snap shot by Bobby Ryan.
1:17 of 2nd period - Stopped by Cam Ward without a rebound.
1:18 of 2nd period - Peter Mueller wins face-off versus Bryan Little in Avalanche zone.
1:32 of 2nd period - Minor Penalty to Bobby Ryan for Cross-checking.
1:33 of 2nd period - Bryan Little wins face-off versus Sidney Crosby in Senateurs zone.
2:19 of 2nd period - Eric Gelinas is hit by Charlie Coyle and loses puck.
3:02 of 2nd period - Mike Green is hit by Colten Teubert and loses puck.
3:32 of 2nd period - Penalty to Bobby Ryan is over, Bobby Ryan is back on ice.
3:45 of 2nd period - Slapshot by Martin Samuelsson.
3:45 of 2nd period - Shot Blocked by Cody Franson.
4:09 of 2nd period - Slapshot by Ryan Getzlaf.
4:09 of 2nd period - Stopped by Cam Ward with a rebound.
4:11 of 2nd period - Snap shot by Cody Franson.
4:11 of 2nd period - Stopped by Cam Ward with a rebound.
4:13 of 2nd period - Wrist shot by Ryan Getzlaf.
4:13 of 2nd period - Shot Misses the Net.
4:15 of 2nd period - Snap shot by Sergei Kostitsyn.
4:15 of 2nd period - Stopped by Cam Ward with a rebound.
4:21 of 2nd period - Minor Penalty to Tomas Fleischmann for Holding.
4:22 of 2nd period - Sidney Crosby wins face-off versus Charlie Coyle in Avalanche zone.
4:29 of 2nd period - Snap shot by Matt Martin.
4:29 of 2nd period - Shot Misses the Net.
5:04 of 2nd period - Cody Franson is hit by Marc Staal and loses puck.
6:21 of 2nd period - Penalty to Tomas Fleischmann is over, Tomas Fleischmann is back on ice.
6:44 of 2nd period - Ryan Getzlaf is hit by Patric Hornqvist and loses puck.
7:32 of 2nd period - Erik Karlsson is hit by Sergei Kostitsyn and loses puck.
7:48 of 2nd period - Erik Karlsson is hit by Taylor Chorney and loses puck.
7:53 of 2nd period - Snap shot by Sergei Kostitsyn.
7:53 of 2nd period - Shot Misses the Net.
7:55 of 2nd period - Snap shot by Sergei Kostitsyn.
7:55 of 2nd period - Shot Misses the Net.
7:59 of 2nd period - Snap shot by Ryan Getzlaf.
7:59 of 2nd period - Stopped by Cam Ward with a rebound.
8:01 of 2nd period - Slapshot by Taylor Chorney.
8:01 of 2nd period - Shot Misses the Net.
8:16 of 2nd period - Snap shot by Rickard Rakell.
8:16 of 2nd period - Shot Misses the Net.
8:22 of 2nd period - Snap shot by Rickard Rakell.
8:22 of 2nd period - Shot Misses the Net.
8:24 of 2nd period - Snap shot by Sergei Kostitsyn.
8:24 of 2nd period - Goal by Sergei Kostitsyn - Avalanche : 1 - Senateurs : 2.
8:25 of 2nd period - Sidney Crosby wins face-off versus Charlie Coyle in neutral zone.
9:13 of 2nd period - Kyle Turris is hit by Bobby Ryan and loses puck.
9:36 of 2nd period - Sidney Crosby is hit by Charlie Coyle and loses puck.
9:49 of 2nd period - Snap shot by Vincent Trocheck.
9:49 of 2nd period - Stopped by Brian Elliott without a rebound.
9:50 of 2nd period - Vincent Trocheck wins face-off versus Jean-Gabriel Pageau in Senateurs zone.
9:51 of 2nd period - Snap shot by Tomas Fleischmann.
9:51 of 2nd period - Shot Blocked by Loui Eriksson.
9:54 of 2nd period - Icing by Mike Green.
9:55 of 2nd period - Jean-Gabriel Pageau wins face-off versus Charlie Coyle in Senateurs zone.
10:18 of 2nd period - Snap shot by Taylor Chorney.
10:18 of 2nd period - Shot Blocked by Jack Johnson.
11:44 of 2nd period - Wrist shot by Vincent Trocheck.
11:44 of 2nd period - Goal by Vincent Trocheck - Avalanche : 2 - Senateurs : 2.
11:45 of 2nd period - Charlie Coyle wins face-off versus Sidney Crosby in neutral zone.
11:52 of 2nd period - Snap shot by Mattias Ekholm.
11:52 of 2nd period - Stopped by Brian Elliott without a rebound.
11:53 of 2nd period - Sidney Crosby wins face-off versus Charlie Coyle in Senateurs zone.
12:41 of 2nd period - Snap shot by James Van Riemsdyk.
12:41 of 2nd period - Shot Hit the Post.
13:13 of 2nd period - Slapshot by Eric Gelinas.
13:13 of 2nd period - Shot Misses the Net.
13:15 of 2nd period - Snap shot by Rostislav Olesz.
13:15 of 2nd period - Shot Misses the Net.
13:17 of 2nd period - Wrist shot by Reilly Smith.
13:17 of 2nd period - Stopped by Cam Ward without a rebound.
13:18 of 2nd period - Bryan Little wins face-off versus Ryan Getzlaf in Avalanche zone.
13:18 of 2nd period - Bryan Little is hit by Nate Prosser.
13:28 of 2nd period - Snap shot by Bryan Little.
13:28 of 2nd period - Shot Misses the Net.
13:30 of 2nd period - Slapshot by Marc Staal.
13:30 of 2nd period - Stopped by Brian Elliott with a rebound.
13:32 of 2nd period - Slapshot by Jack Johnson.
13:32 of 2nd period - Stopped by Brian Elliott with a rebound.
13:34 of 2nd period - Snap shot by Bryan Little.
13:34 of 2nd period - Stopped by Brian Elliott without a rebound.
13:35 of 2nd period - Matt Martin wins face-off versus Vincent Trocheck in Senateurs zone.
14:42 of 2nd period - Slapshot by Peter Mueller.
14:42 of 2nd period - Goal by Peter Mueller - Avalanche : 2 - Senateurs : 3.
14:43 of 2nd period - Sidney Crosby wins face-off versus Mikkel Boedker in neutral zone.
14:51 of 2nd period - Snap shot by Bryan Little.
14:51 of 2nd period - Stopped by Brian Elliott with a rebound.
14:53 of 2nd period - Minor Penalty to Sidney Crosby for Roughing.
14:54 of 2nd period - Jean-Gabriel Pageau wins face-off versus Bryan Little in Senateurs zone.
15:03 of 2nd period - Slapshot by Erik Karlsson.
15:03 of 2nd period - Shot Blocked by Mike Green.
15:05 of 2nd period - Slapshot by Erik Karlsson.
15:05 of 2nd period - Shot Blocked by Mike Green.
15:07 of 2nd period - Slapshot by Erik Karlsson.
15:07 of 2nd period - Shot Blocked by Mike Green.
16:06 of 2nd period - Peter Mueller is hit by Colten Teubert and loses puck.
16:53 of 2nd period - Penalty to Sidney Crosby is over, Sidney Crosby is back on ice.
17:03 of 2nd period - Reilly Smith is hit by Colten Teubert and loses puck.
17:20 of 2nd period - Michael Matheson is hit by Jack Johnson and loses puck.
18:09 of 2nd period - Erik Karlsson is hit by Peter Mueller and loses puck.
18:30 of 2nd period - Icing by Mattias Ekholm.
18:31 of 2nd period - Sidney Crosby wins face-off versus Kyle Turris in Avalanche zone.
18:40 of 2nd period - Snap shot by Sidney Crosby.
18:40 of 2nd period - Stopped by Cam Ward with a rebound.
19:02 of 2nd period - Mike Green is hit by Mikkel Boedker.
19:34 of 2nd period - Minor Penalty to James Van Riemsdyk for Interference.
19:35 of 2nd period - Matt Martin wins face-off versus Charlie Coyle in Avalanche zone.
Goals for this period are 1 for Avalanche vs 2 for Senateurs.
Shots for this period are 7 for Avalanche vs 9 for Senateurs.
3rd period
0:01 of 3rd period - Charlie Coyle wins face-off versus Sidney Crosby in neutral zone.
0:16 of 3rd period - Snap shot by Sidney Crosby.
0:16 of 3rd period - Shot Misses the Net.
1:34 of 3rd period - Penalty to James Van Riemsdyk is over, James Van Riemsdyk is back on ice.
2:02 of 3rd period - Michael Raffl is hit by Tomas Fleischmann and loses puck.
2:07 of 3rd period - Snap shot by Pavel Buchnevich.
2:07 of 3rd period - Stopped by Brian Elliott with a rebound.
2:09 of 3rd period - Slapshot by Joel Edmundson.
2:09 of 3rd period - Stopped by Brian Elliott with a rebound.
2:11 of 3rd period - Slapshot by Colten Teubert.
2:11 of 3rd period - Shot Misses the Net.
2:28 of 3rd period - Slapshot by Nate Prosser.
2:28 of 3rd period - Stopped by Cam Ward without a rebound.
2:29 of 3rd period - Bryan Little wins face-off versus Sidney Crosby in Avalanche zone.
2:42 of 3rd period - Snap shot by Patric Hornqvist.
2:42 of 3rd period - Stopped by Brian Elliott without a rebound.
2:43 of 3rd period - Sidney Crosby wins face-off versus Bryan Little in Senateurs zone.
2:43 of 3rd period - Sidney Crosby is hit by Marc Staal.
3:42 of 3rd period - Snap shot by Charlie Coyle.
3:42 of 3rd period - Shot Misses the Net.
3:44 of 3rd period - Slapshot by James Van Riemsdyk.
3:44 of 3rd period - Goal by James Van Riemsdyk - Avalanche : 3 - Senateurs : 3.
3:45 of 3rd period - Sidney Crosby wins face-off versus Charlie Coyle in neutral zone.
3:52 of 3rd period - Slapshot by Eric Gelinas.
3:52 of 3rd period - Stopped by Cam Ward without a rebound.
3:53 of 3rd period - Charlie Coyle wins face-off versus Sidney Crosby in Avalanche zone.
4:08 of 3rd period - Evgeny Dadonov is hit by Eric Gelinas and loses puck.
4:15 of 3rd period - Wrist shot by Reilly Smith.
4:15 of 3rd period - Stopped by Cam Ward with a rebound.
4:21 of 3rd period - Wrist shot by Sidney Crosby.
4:21 of 3rd period - Stopped by Cam Ward without a rebound.
4:22 of 3rd period - Loui Eriksson wins face-off versus Bryan Little in Avalanche zone.
4:29 of 3rd period - Snap shot by Jean-Gabriel Pageau.
4:29 of 3rd period - Stopped by Cam Ward with a rebound.
4:31 of 3rd period - Slapshot by Taylor Chorney.
4:31 of 3rd period - Stopped by Cam Ward without a rebound.
4:32 of 3rd period - Jean-Gabriel Pageau wins face-off versus Bryan Little in Avalanche zone.
4:39 of 3rd period - Snap shot by Matt Martin.
4:39 of 3rd period - Shot Misses the Net.
5:09 of 3rd period - Snap shot by Matt Martin.
5:09 of 3rd period - Stopped by Cam Ward with a rebound.
5:11 of 3rd period - Wrist shot by Loui Eriksson.
5:11 of 3rd period - Shot Misses the Net.
5:13 of 3rd period - Slapshot by Taylor Chorney.
5:13 of 3rd period - Shot Misses the Net.
5:15 of 3rd period - Backhand shot by Matt Martin.
5:15 of 3rd period - Stopped by Cam Ward with a rebound.
5:17 of 3rd period - Slapshot by Jean-Gabriel Pageau.
5:17 of 3rd period - Stopped by Cam Ward without a rebound.
5:18 of 3rd period - Sidney Crosby wins face-off versus Charlie Coyle in Avalanche zone.
5:26 of 3rd period - Off-side.
5:27 of 3rd period - Charlie Coyle wins face-off versus Sidney Crosby in neutral zone.
5:34 of 3rd period - Snap shot by Evgeny Dadonov.
5:34 of 3rd period - Shot Misses the Net.
5:44 of 3rd period - Snap shot by Evgeny Dadonov.
5:44 of 3rd period - Stopped by Brian Elliott with a rebound.
5:46 of 3rd period - Wrist shot by Evgeny Dadonov.
5:46 of 3rd period - Shot Misses the Net.
5:48 of 3rd period - Backhand shot by James Van Riemsdyk.
5:48 of 3rd period - Stopped by Brian Elliott without a rebound.
5:49 of 3rd period - Jean-Gabriel Pageau wins face-off versus Bryan Little in Senateurs zone.
6:18 of 3rd period - Slapshot by Rickard Rakell.
6:18 of 3rd period - Shot Misses the Net.
6:28 of 3rd period - Snap shot by Mikkel Boedker.
6:28 of 3rd period - Shot Misses the Net.
6:30 of 3rd period - Wrist shot by Mikkel Boedker.
6:30 of 3rd period - Deflect By Patric Hornqvist.
6:30 of 3rd period - Shot Misses the Net.
6:30 of 3rd period - Puck is out of play.
6:31 of 3rd period - Charlie Coyle wins face-off versus Sidney Crosby in Senateurs zone.
6:40 of 3rd period - Snap shot by Evgeny Dadonov.
6:40 of 3rd period - Stopped by Brian Elliott with a rebound.
6:54 of 3rd period - Minor Penalty to Jack Johnson for Roughing.
6:55 of 3rd period - Sidney Crosby wins face-off versus Charlie Coyle in Avalanche zone.
7:06 of 3rd period - Wrist shot by Reilly Smith.
7:06 of 3rd period - Stopped by Cam Ward without a rebound.
7:07 of 3rd period - Charlie Coyle wins face-off versus Sidney Crosby in Avalanche zone.
7:31 of 3rd period - Icing by Mike Green.
7:32 of 3rd period - Charlie Coyle wins face-off versus Sidney Crosby in Senateurs zone.
8:13 of 3rd period - Marc Staal is hit by Sidney Crosby and loses puck.
8:22 of 3rd period - Snap shot by Sidney Crosby.
8:22 of 3rd period - Stopped by Cam Ward with a rebound.
8:24 of 3rd period - Slapshot by Mike Green.
8:24 of 3rd period - Shot Blocked by Mattias Ekholm.
8:26 of 3rd period - Wrist shot by Matt Martin.
8:26 of 3rd period - Stopped by Cam Ward without a rebound.
8:27 of 3rd period - Jean-Gabriel Pageau wins face-off versus Charlie Coyle in Avalanche zone.
8:40 of 3rd period - Slapshot by Rostislav Olesz.
8:40 of 3rd period - Stopped by Cam Ward without a rebound.
8:41 of 3rd period - Jean-Gabriel Pageau wins face-off versus Luke Witkowski in Avalanche zone.
8:44 of 3rd period - Wrist shot by Bobby Ryan.
8:44 of 3rd period - Shot Misses the Net.
8:54 of 3rd period - Penalty to Jack Johnson is over, Jack Johnson is back on ice.
9:14 of 3rd period - Wrist shot by Sergei Kostitsyn.
9:14 of 3rd period - Deflect By Ryan Getzlaf.
9:14 of 3rd period - Stopped by Cam Ward with a rebound.
9:16 of 3rd period - Snap shot by Rickard Rakell.
9:16 of 3rd period - Stopped by Cam Ward with a rebound.
9:18 of 3rd period - Snap shot by Cody Franson.
9:18 of 3rd period - Deflect By Marc Staal.
9:18 of 3rd period - Stopped by Cam Ward without a rebound.
9:19 of 3rd period - Vincent Trocheck wins face-off versus Sidney Crosby in Avalanche zone.
9:44 of 3rd period - Joel Edmundson is hit by Matt Martin and loses puck.
10:19 of 3rd period - Slapshot by James Van Riemsdyk.
10:19 of 3rd period - Stopped by Brian Elliott without a rebound.
10:20 of 3rd period - Sidney Crosby wins face-off versus Vincent Trocheck in Senateurs zone.
10:25 of 3rd period - Slapshot by Vincent Trocheck.
10:25 of 3rd period - Stopped by Brian Elliott without a rebound.
10:26 of 3rd period - Sidney Crosby wins face-off versus Vincent Trocheck in Senateurs zone.
10:40 of 3rd period - Icing by Marc Staal.
10:41 of 3rd period - Vincent Trocheck wins face-off versus Sidney Crosby in Avalanche zone.
10:45 of 3rd period - Off-side.
10:46 of 3rd period - Charlie Coyle wins face-off versus Sidney Crosby in neutral zone.
11:03 of 3rd period - Wrist shot by Evgeny Dadonov.
11:03 of 3rd period - Shot Blocked by Cody Franson.
11:20 of 3rd period - Snap shot by Vincent Trocheck.
11:20 of 3rd period - Shot Misses the Net.
11:22 of 3rd period - Slapshot by Vincent Trocheck.
11:22 of 3rd period - Shot Blocked by Mike Green.
11:43 of 3rd period - Wrist shot by Bryan Little.
11:43 of 3rd period - Shot Misses the Net.
12:01 of 3rd period - Snap shot by Jean-Gabriel Pageau.
12:01 of 3rd period - Stopped by Cam Ward without a rebound.
12:02 of 3rd period - Charlie Coyle wins face-off versus Jean-Gabriel Pageau in Avalanche zone.
12:02 of 3rd period - Charlie Coyle is hit by Matt Martin.
12:08 of 3rd period - Cody Franson is hit by James Van Riemsdyk.
12:25 of 3rd period - Icing by Matt Martin.
12:26 of 3rd period - Bryan Little wins face-off versus Jean-Gabriel Pageau in Senateurs zone.
12:31 of 3rd period - Wrist shot by Mikkel Boedker.
12:31 of 3rd period - Shot Misses the Net.
13:03 of 3rd period - Off-side.
13:04 of 3rd period - Sidney Crosby wins face-off versus Bryan Little in neutral zone.
13:18 of 3rd period - Wrist shot by Bryan Little.
13:18 of 3rd period - Shot Blocked by Mike Green.
13:20 of 3rd period - Snap shot by Patric Hornqvist.
13:20 of 3rd period - Shot Misses the Net.
13:30 of 3rd period - Ryan Getzlaf is hit by James Van Riemsdyk and loses puck.
13:57 of 3rd period - Wrist shot by Jean-Gabriel Pageau.
13:57 of 3rd period - Deflect By Vincent Trocheck.
13:57 of 3rd period - Shot Misses the Net.
13:57 of 3rd period - Puck is out of play.
13:58 of 3rd period - Jean-Gabriel Pageau wins face-off versus Bryan Little in Avalanche zone.
13:59 of 3rd period - Snap shot by Matt Martin.
13:59 of 3rd period - Stopped by Cam Ward with a rebound.
14:05 of 3rd period - Loui Eriksson is hit by Patric Hornqvist.
14:20 of 3rd period - Minor Penalty to Loui Eriksson for High sticking.
14:21 of 3rd period - Sidney Crosby wins face-off versus Bryan Little in Senateurs zone.
14:46 of 3rd period - Taylor Chorney is hit by Erik Karlsson and loses puck.
15:05 of 3rd period - Snap shot by Bryan Little.
15:05 of 3rd period - Goal by Bryan Little - Avalanche : 4 - Senateurs : 3.
15:06 of 3rd period - Sidney Crosby wins face-off versus Vincent Trocheck in neutral zone.
15:15 of 3rd period - Slapshot by Marc Staal.
15:15 of 3rd period - Shot Blocked by Rostislav Olesz.
15:17 of 3rd period - Slapshot by Marc Staal.
15:17 of 3rd period - Shot Blocked by Sidney Crosby.
15:19 of 3rd period - Wrist shot by Pavel Buchnevich.
15:19 of 3rd period - Shot Misses the Net.
15:35 of 3rd period - Snap shot by Evgeny Dadonov.
15:35 of 3rd period - Stopped by Brian Elliott without a rebound.
15:36 of 3rd period - Vincent Trocheck wins face-off versus Ryan Getzlaf in Senateurs zone.
15:59 of 3rd period - Wrist shot by Sergei Kostitsyn.
15:59 of 3rd period - Shot Blocked by Mattias Ekholm.
16:09 of 3rd period - Snap shot by Rickard Rakell.
16:09 of 3rd period - Goal by Rickard Rakell - Avalanche : 4 - Senateurs : 4.
16:10 of 3rd period - Reilly Smith wins face-off versus Bryan Little in neutral zone.
16:37 of 3rd period - Vincent Trocheck is hit by Bobby Ryan and loses puck.
17:52 of 3rd period - Snap shot by Reilly Smith.
17:52 of 3rd period - Stopped by Cam Ward with a rebound.
18:04 of 3rd period - Snap shot by Jean-Gabriel Pageau.
18:04 of 3rd period - Shot Misses the Net.
18:06 of 3rd period - Wrist shot by Jean-Gabriel Pageau.
18:06 of 3rd period - Shot Misses the Net.
18:08 of 3rd period - Snap shot by Taylor Chorney.
18:08 of 3rd period - Stopped by Cam Ward with a rebound.
18:17 of 3rd period - Joel Edmundson is hit by Bobby Ryan and loses puck.
18:46 of 3rd period - Icing by Mike Green.
18:47 of 3rd period - Mikkel Boedker wins face-off versus Ryan Getzlaf in Senateurs zone.
19:10 of 3rd period - Sergei Kostitsyn is hit by Patric Hornqvist and loses puck.
19:26 of 3rd period - Mikkel Boedker is hit by Mike Green and loses puck.
19:49 of 3rd period - Snap shot by Bryan Little.
19:49 of 3rd period - Stopped by Brian Elliott without a rebound.
19:50 of 3rd period - Peter Mueller wins face-off versus Luke Witkowski in Senateurs zone.
19:50 of 3rd period - Peter Mueller is hit by James Van Riemsdyk.
Goals for this period are 2 for Avalanche vs 1 for Senateurs.
Shots for this period are 12 for Avalanche vs 21 for Senateurs.
Overtime #1
0:01 of 1st overtime period - Sidney Crosby wins face-off versus Mikkel Boedker in neutral zone.
0:04 of 1st overtime period - Slapshot by Mike Green.
0:04 of 1st overtime period - Shot Blocked by Marc Staal.
1:18 of 1st overtime period - Cody Franson is hit by Charlie Coyle and loses puck.
1:27 of 1st overtime period - Snap shot by Bryan Little.
1:27 of 1st overtime period - Stopped by Brian Elliott without a rebound.
1:28 of 1st overtime period - Mikkel Boedker wins face-off versus Sidney Crosby in Senateurs zone.
1:57 of 1st overtime period - Wrist shot by Jean-Gabriel Pageau.
1:57 of 1st overtime period - Shot Misses the Net.
1:59 of 1st overtime period - Slapshot by Cody Franson.
1:59 of 1st overtime period - Stopped by Cam Ward without a rebound.
2:00 of 1st overtime period - Sidney Crosby wins face-off versus Mikkel Boedker in Avalanche zone.
2:55 of 1st overtime period - Mike Green is hit by Luke Witkowski and loses puck.
3:00 of 1st overtime period - Wrist shot by Luke Witkowski.
3:00 of 1st overtime period - Shot Misses the Net.
3:37 of 1st overtime period - Taylor Chorney is hit by James Van Riemsdyk and loses puck.
3:54 of 1st overtime period - Charlie Coyle is hit by Jean-Gabriel Pageau and loses puck.
3:59 of 1st overtime period - Snap shot by Jean-Gabriel Pageau.
3:59 of 1st overtime period - Deflect By Rostislav Olesz.
3:59 of 1st overtime period - Goal by Rostislav Olesz - Avalanche : 4 - Senateurs : 5.
Goals for this period are 0 for Avalanche vs 1 for Senateurs.
Shots for this period are 1 for Avalanche vs 2 for Senateurs.
Output by the SimonT Hockey Simulator (STHS) for Francois Prevost